 Dungeon Crawl Stone Soup version 0.30-a0-719-gcc4359ea44 (webtiles) character file.

Game seed: 17073650817994698953

4416 Dittersdorf the Fighter (level 10, 0/76 HPs)
             Began as a Gargoyle Fighter on Jan 26, 2023.
             Was a Follower of Okawaru.
             Slain by a chaos spawn (11 damage)
             ... on level 1 of the Abyss.
             The game lasted 00:14:33 (8364 turns).

Dittersdorf the Fighter (Gargoyle Fighter)          Turns: 8364, Time: 00:14:33

Health: 0/76       AC: 23    Str: 25    XL:     10   Next: 36%
Magic:  19/19      EV:  8    Int:  8    God:    Okawaru [*.....]
Gold:   342        SH:  5    Dex:  9    Spells: 9/9 levels left

rFire   . . .      SeeInvis .    a - +1 flail
rCold   . . .      Faith    .    c - +0 buckler
rNeg    + . .      Spirit   .    v - +0 shadow dragon scales
rPois   ∞          Reflect  .    (no helmet)
rElec   +          Harm     .    x - +0 cloak
rCorr   .          Rampage  .    (no gloves)
Will    .....                    (no boots)
Stlth   ++                       w - amulet of the acrobat
HPRegen 0.32/turn                g - ring of magical power
MPRegen 0.16/turn                (no ring)

@: no status effects
A: sickness immunity, AC +7, negative energy resistance 1, electricity
resistance, torment resistance 1, petrification resistance
a: Renounce Religion, Heroism


You were on level 1 of the Abyss.
You worshipped Okawaru.
Okawaru was aware of your devotion.
You visited 2 branches of the dungeon, and saw 8 of its levels.
You visited the Abyss 1 time.

You collected 342 gold pieces.

Inventory:

Hand Weapons
 a - a +1 flail (weapon)
Armour
 c - a +0 buckler (worn)
 v - +0 shadow dragon scales (worn)
 x - a +0 cloak (worn)
Jewellery
 g - a ring of magical power (left hand)
 w - an amulet of the acrobat (around neck)
Wands
 b - a wand of flame (1)
 n - a wand of acid (4)
Scrolls
 f - 3 scrolls of fog
 j - a scroll of enchant weapon
 k - 4 scrolls of poison
Potions
 d - 2 potions of might
 e - a potion of magic
 h - 3 potions of curing
 i - a potion of brilliance
 l - a potion of haste
 p - a potion of invisibility
 r - 3 potions of heal wounds


   Skills:
 + Level 14.9 Fighting
 + Level 6.1 Maces & Flails
 + Level 7.1 Armour
 + Level 7.2 Shields


You had 9 spell levels left.
You didn't know any spells.
Your spell library contained the following spells:

 Spells                   Type           Power      Damage    Failure   Level
 Necrotise                Necr           0%         1d4       97%         1
 Sandblast                Erth           0%         2d4       97%         1
 Blink                    Tloc           0%         N/A       99%         2
 Ensorcelled Hibernation  Hex/Ice        0%         N/A       99%         2
 Lesser Beckoning         Tloc           0%         N/A       99%         2
 Momentum Strike          Conj/Tloc      0%         3d8       99%         2
 Passwall                 Tmut/Erth      0%         N/A       99%         2
 Static Discharge         Conj/Air       0%         2-2/arc   99%         2
 Wereblood                Tmut           0%         N/A       99%         2
 Stone Arrow              Conj/Erth      0%         3d7       100%        3
 Swiftness                Air            0%         N/A       100%        3
 Vampiric Draining        Necr           0%         2d6       100%        3
 Vhi's Electric Charge    Tloc/Air       0%         N/A       100%        3
 Anguish                  Hex/Necr       0%         N/A       100%        4
 Agony                    Necr           0%         N/A       100%        5
 Arcjolt                  Conj/Air       0%         1d10      100%        5
 Lightning Bolt           Conj/Air       0%         1d11      100%        5
 Enfeeble                 Hex            0%         N/A       100%        7
 Sublimation of Blood     Necr           Unusable   N/A       N/A         2
 Summon Hydra             Summ           Unusable   N/A       N/A         7

Dungeon Overview and Level Annotations

Branches:
Dungeon (7/15)             Temple (1/1) D:5

Altars:
Ashenzari
Cheibriados
Dithmenos
Elyvilon
Fedhas
Gozag
Hepliaklqana
Kikubaaqudgha
Makhleb
Nemelex Xobeh
Okawaru
Qazlal
Ru
Sif Muna
Trog
Uskayaw
Vehumet
Wu Jian
Xom
Yredelemnul
Zin
The Shining One

Shops:
D:4 (

Annotations:
D:2 Sigmund
D:7 2 transporters, Crazy Yiuf; pokeman's ghost, novice DEHW


Innate Abilities, Weirdness & Mutations

You are immune to sickness and miasma.
Your stone body is resilient. (AC +7)
You are immune to poison.
You resist negative energy. (rN+)
You are resistant to electric shocks. (rElec)
You are resistant to unholy torment.
You are immune to petrification.


Message History

The large abomination is moderately damaged.
You block the large abomination's attack.
You hit the large abomination.
The large abomination is moderately damaged.
The large abomination hits you but does no damage.
You sock the large abomination!
The large abomination is heavily damaged.
The chaos spawn gores you but does no damage.
You hit the large abomination.
The large abomination is severely damaged.
You block the large abomination's attack.
The chaos spawn hits you but does no damage.
You hit the large abomination but do no damage.
The large abomination is severely damaged.
You feel like a meek peon again. The chaos spawn closely misses you.
You block the large abomination's attack.
You hit the large abomination.
The large abomination is severely damaged.
The chaos spawn barely misses you. The large abomination hits you!!
You hit the large abomination but do no damage.
The large abomination is severely damaged.
The chaos spawn gores you but does no damage.
The large abomination closely misses you.
You hit the large abomination but do no damage.
The large abomination is severely damaged.
The chaos spawn hits you but does no damage.
The large abomination hits you!
You hit the large abomination but do no damage.
The large abomination is severely damaged.
The chaos spawn gores you!
* * * LOW HITPOINT WARNING * * *
You easily resist.
The large abomination hits you but does no damage.
You hit the large abomination.
The large abomination is almost destroyed.
The chaos spawn hits you.
* * * LOW HITPOINT WARNING * * *
The chaos spawn freezes you!
You die...

.. ...# . .# # ###
## # ## . ..#.......
.# .. # #.#.... .#..
.. .. .. # .....
##.. .##.# .# . .
4.. .. .. .##..## #
.........##..#
....... . . .....#
##.##.......
##.......#...#.X@.##
## .. .....#.4..## #
.... # ###..#... #..
. #.##.#. ..... #.
........... .##..#
#..... ...#..#
.#...# +. . ...#. ..
....... . .. .#. ..
##..


You could see a large abomination and a chaos spawn.

Vanquished Creatures
  Pikel (D:7)
  A shadow (Abyss:1)
  A wraith (D:5)
  Menkaure (D:7)
  A water moccasin (D:4)
  Duvessa (D:6)
  4 sky beasts
  2 orc warriors
  A black bear (D:5)
  2 ice beasts
  An ogre (D:5)
  A centaur (D:6)
  A phantom (D:6)
  A small abomination (Abyss:1)
  2 necrophages
  4 bullfrogs
  3 scorpions (D:6)
  Dowan (D:6)
  2 howler monkeys
  3 hounds
  5 jellies
  2 orc priests (D:6)
  A gnoll bouda (D:7)
  3 iguanas
  7 orc wizards
  7 adders
  A gnoll (D:1)
  A shadow imp (D:6)
  An ufetubus (Abyss:1)
  3 worms
  3 dart slugs
  21 orcs
  4 endoplasms
  6 giant cockroaches
  6 goblins
  6 hobgoblins
  2 jackals (D:1)
  2 quokkas
  10 ball pythons
  7 bats
  3 frilled lizards
  10 kobolds
  6 rats
151 creatures vanquished.

Vanquished Creatures (others)
  2 starspawn tentacles (Abyss:1)
2 creatures vanquished.

Grand Total: 153 creatures vanquished

Notes
Turn   | Place    | Note
-------+----------+-------------------------------------------
     0 | D:1      | Dittersdorf the Gargoyle Fighter began the quest for the
                  | Orb.
     0 | D:1      | Reached XP level 1. HP: 14/14 MP: 1/1
   157 | D:1      | Reached XP level 2. HP: 17/19 MP: 2/2
   694 | D:1      | Reached XP level 3. HP: 21/23 MP: 3/3
  1411 | D:2      | Noticed Sigmund
  2111 | D:3      | Reached XP level 4. HP: 29/29 MP: 4/4
  2295 | D:3      | Found a broken altar of Ashenzari.
  2395 | D:3      | Reached skill level 4 in Fighting
  2843 | D:4      | Noticed a sky beast
  2859 | D:4      | Killed a sky beast
  2860 | D:4      | Reached XP level 5. HP: 21/34 MP: 5/5
  2947 | D:4      | Reached XP level 6. HP: 34/39 MP: 6/6
  3047 | D:4      | Found a shadowy altar of Dithmenos.
  3081 | D:4      | Found Xudubb's Weapon Emporium.
  3687 | D:5      | Entered Level 5 of the Dungeon
  3760 | D:5      | Noticed a water moccasin
  3786 | D:5      | Reached skill level 5 in Armour
  3786 | D:5      | Reached skill level 5 in Shields
  3847 | D:5      | Reached skill level 5 in Fighting
  3847 | D:5      | Reached XP level 7. HP: 44/44 MP: 7/7
  4424 | D:5      | Found a staircase to the Ecumenical Temple.
  4471 | Temple   | Entered the Ecumenical Temple
  4939 | D:6      | Reached skill level 14 in Fighting
  4939 | D:6      | Reached XP level 8. HP: 64/64 MP: 8/8
  4983 | D:6      | Noticed Duvessa
  4988 | D:6      | Reached XP level 9. HP: 68/70 MP: 9/9
  4989 | D:6      | Noticed Dowan
  5001 | D:6      | Killed Duvessa
  5008 | D:6      | Killed Dowan
  5162 | D:6      | Found an iron altar of Okawaru.
  5188 | D:6      | Became a worshipper of Warmaster Okawaru
  5551 | D:6      | Reached skill level 5 in Maces & Flails
  6075 | D:6      | Reached * piety under Okawaru
  6263 | D:6      | Found an iron altar of Okawaru.
  6995 | D:7      | Noticed Menkaure
  7002 | D:7      | Killed Menkaure
  7256 | D:7      | Reached XP level 10. HP: 76/76 MP: 10/10
  7464 | D:7      | Noticed pokeman's ghost (novice DEHW)
  7471 | D:7      | Found a transporter.
  7488 | D:7      | Found a transporter.
  7493 | D:7      | Noticed a moth of wrath
  7676 | D:7      | Reached ** piety under Okawaru
  7748 | D:7      | Noticed Pikel
  7760 | D:7      | Killed Pikel
  7804 | D:7      | Found a runed translucent door.
  7805 | D:7      | Noticed Crazy Yiuf
  7812 | Abyss:1  | Cast into level 1 of the Abyss (Crazy Yiuf)
  8234 | Abyss:1  | Noticed a wretched star
  8240 | Abyss:1  | Noticed a thrashing horror
  8261 | Abyss:1  | Noticed a starcursed mass
  8307 | Abyss:1  | Noticed a tentacled starspawn
  8326 | Abyss:1  | Noticed a green draconian
  8364 | Abyss:1  | Slain by a chaos spawn

Illustrated notes

Levels and vault maps discovered:
D:1:      arrival_zaba_pyramid, layout_basic, minmay_misc_feat_tower
D:2:      layout_loops_corners, serial_bayou_pond_b, minmay_heptomino_o4,
          uniq_sigmund
D:3:      layout_loops_ring, nicolae_ashenzari_skybound
D:4:      layout_basic, mainiacjoe_overflow_chevrons, serial_shops,
          nicolae_square_shop, kennysheep_cross_room
D:5:      layout_cave_pools, minmay_temple_entry_gardened_gates, serial_park,
          serial_park_tiny_2, serial_park_avenue1, serial_park_gazebo
          [serial_park_minivault_5x5_8]
D:6:      layout_loops_cross, amcnicky_altar_gilded, uniq_duvessa
D:7:      layout_loops_ring, gammafunk_ghost_berserking_beasts,
          corexii_hall_statues_i, minivault_19, minmay_increasing_density,
          uniq_crazy_yiuf_cottage, uniq_menkaure, uniq_pikel
Temple:   compressed_dpeg_triangle_lava_temple
Abyss:1:  base:
D:2

Skill      XL: |  1  2  3  4  5  6  7  8  9 10 |
---------------+-------------------------------+-----
Shields        | 4 5 6 7 |  7.2
Fighting       | 4 5 14 | 14.9
Armour         | 4 5 6 7 |  7.1
Maces & Flails | 3 4 5 6 |  6.1

Action                     |  1- 3 |  4- 6 |  7- 9 | 10-12 || total
---------------------------+-------+-------+-------+-------++-------
  Melee: Flail             |   142 |   185 |   259 |    97 ||   683
 Invoke: Heroism           |       |       |       |     2 ||     2
    Use: Scroll            |       |     1 |    18 |     1 ||    20
         Potion            |       |       |     1 |       ||     1
   Stab: Sleeping          |       |     1 |     3 |       ||     4
         Distracted        |       |       |     1 |       ||     1
 Armour: Chain mail        |    86 |   114 |       |       ||   200
         Shadow dragon sca |       |     4 |   217 |    70 ||   291
  Dodge: Dodged            |    57 |    50 |   130 |    32 ||   269
  Block: Buckler           |    19 |    33 |    68 |    23 ||   143

Table legend: (Time is in decaauts)
 A = Elapsed time spent in this place.
 B = Non-inter-level travel time spent in this place.
 C = Inter-level travel time spent in this place.
 D = Time resting spent in this place.
 E = Time spent auto-exploring this place.
 F = Levels seen in this place.
 G = Mean time per level.
                   A        B        C        D        E       F      G
               +--------+--------+--------+--------+--------+-----+--------+
         Total |   8557 |   8225 |    332 |   1532 |   4822 |   9 |  950.8 |
       Dungeon |   7674 |   7350 |    324 |   1204 |   4511 |   7 | 1096.3 |
        Temple |    330 |    322 |      8 |      0 |    311 |   1 |  330.0 |
         Abyss |    551 |    551 |      0 |    328 |      0 |   1 |  551.0 |
               +--------+--------+--------+--------+--------+-----+--------+

Top non-repeatable levels by time:
     D:6: 1604 daAuts
     D:1: 1203 daAuts
     D:4: 1172 daAuts
     D:5: 1103 daAuts
     D:2: 964 daAuts
     D:7: 940 daAuts
     D:3: 685 daAuts
 Abyss:1: 551 daAuts
  Temple: 330 daAuts
